 Dungeon Crawl Stone Soup version 0.23.2-40-g277498a001 (webtiles) character file.

Game seed: 11763260300292308459

56 OrcJesus the Shield-Bearer (level 3, -4/29 HPs)
             Began as a Demonspawn Fighter on Aug 28, 2019.
             Slain by a gnoll (6 damage)
             ... on level 2 of the Dungeon.
             The game lasted 00:02:28 (946 turns).

OrcJesus the Shield-Bearer (Demonspawn Fighter)      Turns: 946, Time: 00:02:29

Health: -4/29      AC: 12    Str: 17    XL:     3   Next: 71%
Magic:  3/3        EV:  2    Int:  9    God:
Gold:   20         SH:  9    Dex: 12    Spells: 2/2 levels left

rFire    . . .     SeeInvis .   a - +0 war axe
rCold    . . .     Gourm    .   c - +0 shield
rNeg     . . .     Faith    .   h - +0 plate armour
rPois    .         Spirit   .   (helmet restricted)
rElec    .         Reflect  .   e - +0 cloak
rCorr    .         Harm     .   (no gloves)
MR       .....                  (no boots)
Stlth    ..........             (no amulet)
HPRegen  0.09/turn              (no ring)
MPRegen  0.08/turn              (no ring)

@: no status effects
A: horns 1, powered by pain 1
a: no special abilities


You were on level 2 of the Dungeon.
You were not hungry.

You visited 1 branch of the dungeon, and saw 2 of its levels.

You collected 20 gold pieces.

Inventory:

Hand Weapons
 a - a +0 war axe (weapon)
Armour
 c - a +0 shield (worn)
 e - a +0 cloak (worn)
 h - a +0 plate armour (worn)
Scrolls
 i - a scroll of amnesia {unknown}
Potions
 d - a potion of might
 g - a potion of resistance {unknown}
 j - a potion of lignification {unknown}
 k - a potion of invisibility {unknown}
Comestibles
 f - 3 rations


   Skills:
 - Level 3.0 Fighting
 - Level 1.7 Axes
 - Level 2.6 Armour
 + Level 4.3 Shields


You had 2 spell levels left.
You didn't know any spells.
Your spell library was empty.

Dungeon Overview and Level Annotations

Branches:
Dungeon (2/15)

Altars:


Innate Abilities, Weirdness & Mutations

You have a pair of small horns on your head.
You sometimes gain a little power by taking damage.


Message History

The gnoll hits you but does no damage.
Your shield prevents you from hitting the gnoll.
The gnoll hits you from afar with a +0 halberd.
The gnoll hits you but does no damage. You block the gnoll's attack. x2
You hit the gnoll but do no damage. The gnoll barely misses you.
The gnoll hits you but does no damage. The gnoll hits you.
The gnoll hits you from afar with a +0 halberd.
Your shield and plate armour prevent you from hitting the gnoll.
You block the gnoll's attack.
The gnoll hits you from afar with a +0 halberd!
The gnoll hits you but does no damage.
The gnoll hits you from afar with a +0 halberd.
* * * LOW HITPOINT WARNING * * *
The gnoll hits you.
* * * LOW HITPOINT WARNING * * *
You block the gnoll's attack. You block the gnoll's attack.
The gnoll hits you but does no damage. The gnoll hits you.
You die...

#################
#......##.......# #####
##....#.##.#...#[######^..#
.........g..............#.#
#....#.##g#...#.######...#
#.#.####.##..gg@..# ##.####
.....g)g.#####[#### #....#
#.###g#### #.# ####.# ..
##'## #.# ## ##...## #.#
##.....## #.# ##.......##
#.# #.........####... #.#
+.........'..r... #.#


You could see 3 gnolls and a goblin.

Vanquished Creatures
  A gnoll shaman (D:2)
  A dart slug (D:1)
  6 bats (D:1)
  2 hobgoblins (D:1)
  6 jackals (D:1)
  2 quokkas (D:2)
  2 goblins (D:1)
  A kobold (D:1)
  2 rats (D:1)
23 creatures vanquished.

Notes
Turn   | Place    | Note
-------+----------+-------------------------------------------
     0 | D:1      | OrcJesus the Demonspawn Fighter began the quest for the
                  | Orb.
     0 | D:1      | Reached XP level 1. HP: 18/18 MP: 1/1
    84 | D:1      | Reached skill level 3 in Shields
   132 | D:1      | Gained mutation: You sometimes gain a little power by
                  | taking damage. [demonic ancestry]
   132 | D:1      | Reached XP level 2. HP: 24/24 MP: 2/2
   934 | D:2      | Reached skill level 4 in Shields
   934 | D:2      | Gained mutation: You have a pair of small horns on your
                  | head. [demonic ancestry]
   934 | D:2      | Reached XP level 3. HP: 26/29 MP: 3/3
   946 | D:2      | Slain by a gnoll

Skill      XL: |  1  2 |
---------------+-------+-----
Shields        | 3 4 |  4.3
Fighting       | |  3.0
Axes           | |  1.7
Armour         | |  2.6

Action                   || total
-------------------------++-------
Melee: War axe           ||   101
Armor: Scale mail        ||    75
       Plate armour      ||     8
Dodge: Dodged            ||    36
Block: Shield            ||    69
